 Dungeon Crawl Stone Soup version 0.13.0-29-gdb529de (webtiles) character file.

1401 Grandi the Magician (level 8, -3/50 HPs)
             Began as a Human Wizard on Nov 7, 2013.
             Was a Follower of Sif Muna.
             Killed from afar by an orc wizard (4 damage)
             ... with a magic dart
             ... on Level 6 of the Dungeon on Nov 11, 2013.
             The game lasted 02:14:11 (12358 turns).

Grandi the Magician (Human Wizard)                 Turns: 12358, Time: 02:14:18

HP  -3/50        AC  7     Str  9      XL: 8   Next: 87%
MP   2/22        EV 14     Int 25      God: Sif Muna [*.....]
Gold 103         SH  0     Dex 16      Spells:  7 memorised,  3 levels left

Res.Fire  : + . .   See Invis. : .   P - +3,+0 dwarf short sword
Res.Cold  : + . .   Warding    : .   l - +2 robe
Life Prot.: . . .   Conserve   : .   (no shield)
Res.Poison: +       Res.Corr.  : .   b - +0 wizard hat
Res.Elec. : +       Clarity    : .   v - +0 cloak
Sust.Abil.: . .     Spirit.Shd : .   (no gloves)
Res.Mut.  : .       Stasis     : .   y - +1 pair of boots
Res.Rott. : .       Flight     : +   (no amulet)
Saprovore : . . .                    (no ring)
                                     r - +5 ring of dexterity

@: brilliant, flying, very slightly contaminated, slowed, very slow, slightly
resistant to hostile enchantments, stealthy
A: no striking features
a: Channel Energy, Renounce Religion


You were on level 6 of the Dungeon.
You worshipped Sif Muna.
Sif Muna was aware of your devotion.
You were not hungry.

You visited 2 branches of the dungeon, and saw 7 of its levels.

You collected 251 gold pieces.
You spent 168 gold pieces at shops.

Inventory:

Hand weapons
 t - a +1,+2 elven dagger (quivered)
 A - a +0,+0 elven dagger
 K - a +0,+0 short sword
 P - a +3,+0 dwarven short sword (weapon)
 Q - a +0,+0 elven short sword
Missiles
 x - 31 darts
Armour
 a - a +0 robe
 b - a +0 wizard hat (worn)
 f - a +0 elven robe
 g - a +0 leather armour
 l - a +2 robe (worn)
 p - a +0 elven robe
 v - a +0 cloak (worn)
 y - a +1 pair of boots (worn)
 C - a +0 leather armour
Comestibles
 d - 4 bread rations
 w - 2 meat rations
Scrolls
 e - 2 scrolls of enchant armour
 h - 2 scrolls of identify
 i - 2 scrolls of teleportation
 j - a scroll of magic mapping
 k - 6 scrolls of remove curse
 o - 2 scrolls of amnesia
 q - 2 scrolls of recharging {unknown}
 u - a scroll of random uselessness {unknown}
 z - a scroll of immolation
 G - a scroll of curse jewellery {unknown}
 J - a scroll of enchant weapon II
 O - a scroll of curse armour {unknown}
Jewellery
 r - a +5 ring of dexterity (left hand)
Potions
 B - a potion of might {unknown}
 M - a potion of flight
Books
 c - a book of Minor Magic

   Spells                             Type                      Level
   *Magic Dart                        Conjuration                  1
   *Blink                             Translocation                2
   *Call Imp                          Summoning                    2
   Repel Missiles                     Charms/Air                   2
   Slow                               Hexes                        2
   Conjure Flame                      Conjuration/Fire             3
   *Mephitic Cloud                    Conjuration/Poison/Air       3
 D - a book of Conjurations

   Spells                             Type                      Level
   *Magic Dart                        Conjuration                  1
   *Searing Ray                       Conjuration                  2
   Dazzling Spray                     Conjuration/Hexes            3
   Iskenderun's Mystic Blast          Conjuration                  4
   *Iskenderun's Battlesphere         Conjuration/Charms           4
   Fulminant Prism                    Conjuration/Hexes            5
 F - a book of Hinderance

   Spells                             Type                      Level
   Confusing Touch                    Hexes                        1
   Slow                               Hexes                        2
   *Confuse                           Hexes                        3
   Petrify                            Transmutation/Earth          4
   Leda's Liquefaction                Hexes/Earth                  4
   Metabolic Englaciation             Hexes/Ice                    6
 I - a book of the Sky

   Spells                             Type                      Level
   Flight                             Charms/Air                   3
   Airstrike                          Air                          4
   Silence                            Hexes/Air                    5
   Deflect Missiles                   Charms/Air                   6
   Conjure Ball Lightning             Conjuration/Air              7
   Tornado                            Air                          9


   Skills:
 + Level 0.2 Fighting
 + Level 1.1 Short Blades
 + Level 3.6 Dodging
 + Level 2.4 Stealth
 + Level 6.9 Spellcasting
 + Level 2.3 Conjurations
 + Level 0.6 Hexes
 + Level 5.9 Summonings
 + Level 1.0 Translocations
 + Level 0.2 Poison Magic


You had 3 spell levels left.
You knew the following spells:

 Your Spells              Type           Power        Failure   Level  Hunger
a - Magic Dart            Conj           ####         1%          1    None
b - Blink                 Tloc           N/A          1%          2    None
c - Call Imp              Summ           ######....   1%          2    None
d - Mephitic Cloud        Conj/Pois/Air  ####....     1%          3    None
e - Confuse               Hex            ####....     2%          3    None
f - Searing Ray           Conj           #####.       1%          2    None
g - Iskenderun's Battles  Conj/Chrm      ####....     7%          4    ###....


Dungeon Overview and Level Annotations

Branches:
Dungeon (6/27)             Temple (1/1) D:4
    Orc: D:6-11

Altars:
Ashenzari
Cheibriados
Elyvilon
Fedhas
Kikubaaqudgha
Makhleb
Nemelex Xobeh
Okawaru
Sif Muna
Trog
Vehumet
Xom
Yredelemnul
Zin
the Shining One

Shops:
D:5 ?


Message History

Okay, then.
Drink which item? (? for menu, Esc to quit)
You feel yourself slow down.
It was a potion of slowing.
Something misses your crimson imp.
Drink which item? (? for menu, Esc to quit)
You feel more clever all of a sudden.
It was a potion of brilliance.
The orc wizard casts a spell.
The orc wizard seems to speed up.
The orc warrior closely misses you.
The orc wizard casts a spell.
The orc wizard blinks!
The orc closely misses you.
Drink which item? (? for menu, Esc to quit)
You feel protected.
It was a potion of resistance.
The orc warrior hits you with an orcish mace.
* * * LOW HITPOINT WARNING * * *
The giant gecko misses your crimson imp.
The orc wizard casts a spell at you. The magic dart hits you!
You die...

.....####5........#
###### #.........#
#..a......# ###
###l####### 5§##
#.5.# #5.# ###.###
##5## #.o.# ....#
######o### ..§.#
#....oo@.# ...5#
#...>....# .o5.#
.'........#
....###..#......o)#
...o)...##........#
....###########'###
##### #..# #.## ###
######'####


You could see an orc warrior, a worker ant, 2 orc priests, an orc wizard, an
orc, a giant gecko and a friendly crimson imp.

Vanquished Creatures
  An ice beast (D:5)
  A water moccasin (D:6)
  A crimson imp (D:5)
  A quasit (D:6)
  A gnoll (D:6)
  2 adders (D:3)
  2 worms
  A white imp (D:6)
  2 orcs (D:6)
  A ball python (D:1)
  11 bats
  3 giant cockroaches (D:2)
  7 goblins
  5 hobgoblins
  4 jackals (D:6)
  3 quokkas
  2 giant geckos
  2 giant newts
  5 kobolds
  10 rats
65 creatures vanquished.

Vanquished Creatures (collateral kills)
  An ice beast (D:5)
  A phantom (D:4)
  A sky beast (D:5)
  3 ogres
  2 centaurs (D:6)
  A big kobold (D:4)
  The ghost of Grandi the Magician, an average HuWz (D:3)
  Duvessa (D:6)
  A giant frog (D:4)
  Dowan (D:5)
  A crimson imp (D:3)
  2 jellies
  An iguana (D:4)
  3 orc priests
  5 worker ants
  5 hounds
  A gnoll shaman (D:6)
  3 orc wizards
  2 ogre skeletons (D:6)
  5 adders
  8 gnolls
  3 giant mites
  A goliath beetle zombie (D:6)
  2 worms
  2 oozes (D:1)
  14 orcs
  A bat (D:3)
  2 giant cockroaches
  4 goblins
  8 hobgoblins
  A ball python (D:4)
  A giant newt (D:6)
  2 hobgoblin skeletons
  8 jackals
  11 kobolds
  6 rats
  A rat skeleton (D:4)
116 creatures vanquished.

Vanquished Creatures (others)
  49 crimson imps
  5 iron imps
  3 halflings (D:4)
  17 shadow imps
  27 white imps
  2 giant geckos (D:4)
  A goblin (D:4)
  A hobgoblin (D:4)
  A plant (D:4)
106 creatures vanquished.

Grand Total: 287 creatures vanquished

Notes
Turn   | Place    | Note
--------------------------------------------------------------
     0 | D:1      | Grandi, the Human Wizard, began the quest for the Orb.
     0 | D:1      | Reached XP level 1. HP: 11/11 MP: 5/5
   403 | D:1      | Reached XP level 2. HP: 17/17 MP: 4/7
   407 | D:1      | Learned a level 2 spell: Blink
   410 | D:1      | Learned a level 2 spell: Call Imp
  1368 | D:2      | Reached XP level 3. HP: 19/22 MP: 2/9
  2468 | D:2      | Reached XP level 4. HP: 28/28 MP: 2/11
  3228 | D:3      | Reached skill level 4 in Spellcasting
  3662 | D:3      | Reached XP level 5. HP: 33/33 MP: 7/14
  3712 | D:3      | Learned a level 3 spell: Mephitic Cloud
  3716 | D:3      | Learned a level 3 spell: Confuse
  3901 | D:3      | Noticed Grandi's ghost (average HuWz)
  4902 | D:3      | Killed Grandi's ghost
  4930 | D:3      | Reached XP level 6. HP: 31/39 MP: 6/16
  5494 | D:4      | Noticed an ogre
  5539 | D:4      | Killed an ogre
  5539 | D:4      | Reached skill level 5 in Spellcasting
  5988 | D:4      | Noticed a phantom
  6214 | D:4      | Killed a phantom
  6356 | D:4      | Reached XP level 7. HP: 44/44 MP: 8/19
  7174 | D:4      | Found a staircase to the Ecumenical Temple.
  7233 | Temple   | Entered the Ecumenical Temple
  7404 | Temple   | Became a worshipper of Sif Muna the Loreminder
  7547 | D:5      | Entered Level 5 of the Dungeon
  7910 | D:5      | Found Acao's Magic Scroll Shop.
  8080 | D:5      | Bought a scroll of identify for 24 gold pieces
  8080 | D:5      | Bought a scroll of magic mapping for 42 gold pieces
  8080 | D:5      | Bought a scroll of immolation for 12 gold pieces
  8080 | D:5      | Bought a scroll of curse weapon for 24 gold pieces
  8080 | D:5      | Bought a scroll of enchant weapon II for 66 gold pieces
  8311 | D:5      | Reached XP level 8. HP: 50/50 MP: 9/21
  8464 | D:5      | Reached skill level 6 in Spellcasting
  9228 | D:6      | Reached skill level 5 in Summonings
  9749 | D:6      | Noticed Duvessa
  9750 | D:6      | Noticed Dowan
  9787 | D:6      | Killed Duvessa
  9787 | D:6      | Acquired Sif Muna's first power
 10623 | D:6      | Found a white marble altar of Elyvilon.
 11250 | D:6      | Learned a level 2 spell: Searing Ray
 11285 | D:6      | Reached skill level 1 in Short Blades
 11784 | D:5      | Learned a level 4 spell: Iskenderun's Battlesphere
 12024 | D:5      | Killed Dowan
 12317 | D:6      | HP: 2/50 [orc wizard/orcish flail (4)]
 12358 | D:6      | HP: 1/50 [orc warrior/orcish mace (5)]
 12358 | D:6      | Killed from afar by an orc wizard

Action                   |  1- 3 |  4- 6 |  7- 9 || total
-------------------------+-------+-------+-------++-------
Melee: Unarmed           |     9 |    24 |       ||    33
       Dagger            |       |   105 |     5 ||   110
       Short sword       |       |       |   204 ||   204
Throw: Dart              |       |     1 |     1 ||     2
 Cast: Magic Dart        |    70 |    56 |    25 ||   151
       Call Imp          |    20 |   105 |   188 ||   313
       Blink             |       |     1 |    16 ||    17
       Confuse           |       |     1 |     3 ||     4
       Searing Ray       |       |       |     7 ||     7
       Mephitic Cloud    |       |       |     6 ||     6
       Iskenderun's Batt |       |       |     1 ||     1
  Use: Scroll            |       |     3 |     8 ||    11
       Potion            |       |       |     8 ||     8
 Stab: Distracted        |       |       |     2 ||     2
